 Dungeon Crawl Stone Soup version 0.18.1-8-gdd0e5ea (webtiles) character file.

11305 Ijustatesigmund the Pandemonic (level 11, -7/97 HPs)
             Began as a Deep Dwarf Fighter on May 22, 2016.
             Was a High Priest of Makhleb.
             Mangled by a hill giant
             ... wielding a +0 giant spiked club
              (23 damage)
             ... on level 10 of the Dungeon.
             The game lasted 00:46:30 (9448 turns).

Ijustatesigmund the Pandemonic (Deep Dwarf Fighter) Turns: 9448, Time: 00:46:30

Health: -7/97      AC: 18    Str: 21    XL:     11   Next: 47%
Magic:  10/10      EV:  9    Int: 11    God:    Makhleb [*****.]
Gold:   44         SH: 12    Dex: 15    Spells: 0 memorised, 16 levels left

rFire  + . .     SeeInvis .     F - +2 war axe (freeze)
rCold  . . .     Gourm    .     s - +4 chain mail {rN+}
rNeg   + . .     Faith    +     c - +1 shield
rPois  +         Spirit   .     y - +1 helmet {Int+3}
rElec  .         Dismiss  .     n - +1 cloak
rCorr  .         Reflect  .     (no gloves)
SustAt .         Harm     .     (no boots)
MR     +....                    t - amulet of faith
Stlth  ..........               G - ring of poison resistance
                                o - ring of protection from fire

@: non-regenerating, somewhat resistant to hostile enchantments, extremely
unstealthy
A: damage resistance, recharge devices, sense surroundings 2, slow regeneration
3
a: Device Recharging, Minor Destruction, Lesser Servant of Makhleb, Major
Destruction, Greater Servant of Makhleb, Renounce Religion


You were on level 10 of the Dungeon.
You worshipped Makhleb.
Makhleb was extremely pleased with you.
You were very hungry.

You visited 3 branches of the dungeon, and saw 12 of its levels.
You also visited: Sewer.

You collected 494 gold pieces.
You spent 450 gold pieces at shops.

Inventory:

Hand Weapons
 a - a +0 war axe
 F - a +2 war axe of freezing (weapon)
Armour
 c - a +1 shield (worn)
 n - a +1 cloak (worn)
 s - a +4 chain mail of positive energy (worn)
 y - a +1 helmet of intelligence (worn)
Rods
 b - a +0 iron rod (12/12)
   (You found it on level 10 of the Dungeon)
Jewellery
 h - an uncursed ring of protection from magic
 j - a +6 ring of intelligence
 o - a ring of protection from fire (left hand)
 t - an amulet of faith (around neck)
 z - a +4 ring of strength
 A - a +1 ring of evasion
 G - a ring of poison resistance (right hand)
Wands
 e - a wand of heal wounds (3/9)
 m - a wand of digging (5/24)
 p - a wand of lightning (4/15)
 r - a wand of random effects (27/48)
 x - a wand of flame (8/48)
 J - a wand of polymorph (12/24)
Scrolls
 u - 2 scrolls of magic mapping
 C - 2 scrolls of identify
Potions
 d - a potion of cure mutation
 i - a potion of magic
 k - a potion of degeneration {unknown}
 q - 3 potions of flight
 B - a potion of heal wounds {unknown}
 H - a potion of berserk rage
 K - a potion of curing
Books
 l - a book of Power

   Spells                             Type                      Level
   a - Fulminant Prism                Conjuration/Hexes            4
   b - Iskenderun's Mystic Blast      Conjuration                  4
   c - Venom Bolt                     Conjuration/Poison           5
   d - Bolt of Magma                  Conjuration/Fire/Earth       5
   e - Iron Shot                      Conjuration/Earth            6
   f - Orb of Destruction             Conjuration                  7
   g - Spellforged Servitor           Conjuration/Summoning        7
 v - a book of Cantrips

   Spells                             Type                      Level
   a - Corona                         Hexes                        1
   b - Animate Skeleton               Necromancy                   1
   c - Summon Small Mammal            Summoning                    1
   d - Apportation                    Translocation                1
 w - a book of Debilitation

   Spells                             Type                      Level
   a - Corona                         Hexes                        1
   b - Slow                           Hexes                        2
   c - Gell's Gravitas                Hexes/Translocation          3
   d - Inner Flame                    Hexes/Fire                   3
   e - Cause Fear                     Hexes                        4
   f - Leda's Liquefaction            Hexes/Earth                  4
Comestibles
 f - 7 bread rations
 g - 6 meat rations
 D - 3 fruits
 E - a slice of pizza


   Skills:
 + Level 6.2 Fighting
 + Level 10.1 Axes
 + Level 6.1 Armour
 + Level 5.2 Dodging
 + Level 6.2 Shields
 - Level 3.1 Spellcasting
 - Level 11.4 Invocations
 - Level 9.3 Evocations


You had 16 spell levels left.
You didn't know any spells.

Dungeon Overview and Level Annotations

Branches:
Dungeon (10/15)            Temple (1/1) D:4            Lair (1/8) D:8
    Orc (0/2) D:9

Altars:
Ashenzari
Cheibriados
Dithmenos
Elyvilon
Fedhas
Gozag
Kikubaaqudgha
Makhleb
Nemelex Xobeh
Okawaru
Pakellas
Qazlal
Ru
Sif Muna
Trog
Vehumet
Xom
Yredelemnul
Zin
The Shining One

Shops:
D:5 *

Annotations:
Lair:1 Sonja


Innate Abilities, Weirdness & Mutations

You are resistant to damage.
You can recharge devices by infusing magical energy.
You passively map the area around you.
You do not regenerate naturally.


Message History

The hill giant is severely wounded.
You hit the hill giant. You freeze the hill giant.
The hill giant is severely wounded.
You block the hill giant's attack.
Your shield and chain mail prevent you from hitting the hill giant.
The hill giant is severely wounded.
You block the hill giant's attack.
You hit the hill giant. You freeze the hill giant.
The hill giant is almost dead.
The hill giant hits you with a giant spiked club!
You completely miss the hill giant.
The hill giant is almost dead.
You hit the hill giant. You freeze the hill giant.
The hill giant is almost dead.
The hill giant hits you with a giant spiked club!!
* * * LOW HITPOINT WARNING * * *
You hit the hill giant. You freeze the hill giant.
The hill giant is almost dead.
The hill giant hits you with a giant spiked club!!
You die...

# .# # * *
######.# #
,< ,......#
# *
###.....# #
,, .......#
# * *#.(...#
# #..a!.#
### #C# *
..# #@# #.#
#.# #.# #.#
#.#
##########.#
#.#
#..........#
#.#
#.##########
#.# #.# #.#
#.# #.# #.#


You could see a hill giant and a worker ant.

Vanquished Creatures
  Harold (D:10)
  A hill giant (D:10)
  A troll (D:9)
  2 spriggans (Lair:1)
  17 yaks
  A basilisk (D:8)
  Grum (D:9)
  2 hippogriffs (D:9)
  The ghost of ThereIsNoGod the Covert, an amateur OpAs (D:3)
  Menkaure (D:7)
  3 water moccasins
  2 porcupines
  5 orc warriors
  Purgy (Sewer)
  2 ice beasts
  A black bear (D:8)
  2 phantoms
  A sky beast (D:5)
  4 wolves (D:9)
  2 ogres (D:8)
  2 centaurs
  3 crocodiles (D:8)
  6 giant frogs
  A gnoll sergeant (D:8)
  A wyvern zombie (D:8)
  A wyvern skeleton (D:8)
  2 scorpions
  A water moccasin skeleton (D:6)
  5 killer bees (D:9)
  3 wights (D:8)
  2 howler monkeys
  6 crimson imps
  A giant frog zombie (D:7)
  A quasit (D:5)
  5 hounds
  3 jellies
  Crazy Yiuf (D:6)
  3 orc priests
  A centaur skeleton (D:7)
  A gnoll shaman (D:9)
  4 iguanas
  2 orc wizards
  A giant frog skeleton (D:9)
  4 worker ants
  A killer bee zombie (D:8)
  3 hound zombies
  2 worker ant zombies (D:9)
  Robin (D:3)
  14 gnolls
  14 adders
  5 river rats
  2 shadow imps
  2 oozes
  2 adder skeletons (D:8)
  A worm (D:2)
  12 giant geckos
  30 orcs
  8 ball pythons
  7 giant cockroaches
  15 goblins
  9 hobgoblins
  12 jackals
  2 quokkas
  7 bats
  11 giant newts
  7 kobolds
  12 rats
290 creatures vanquished.

Vanquished Creatures (collateral kills)
  Fannar (D:10)
  2 ugly things
  Joseph (D:10)
  A phantom (D:10)
  A giant frog (D:10)
  A crimson imp (D:10)
  A hound (D:10)
  An iguana (D:10)
  A worker ant (D:10)
10 creatures vanquished.

Vanquished Creatures (others)
  A yak (D:9)
  A jelly (D:9)
  A giant gecko (D:9)
  2 fungi (D:8)
  3 plants (D:8)
8 creatures vanquished.

Grand Total: 308 creatures vanquished

Notes
Turn   | Place    | Note
--------------------------------------------------------------
     0 | D:1      | Ijustatesigmund the Deep Dwarf Fighter began the quest for the Orb.
     0 | D:1      | Reached XP level 1. HP: 20/20 MP: 1/1
    89 | D:1      | Reached XP level 2. HP: 27/27 MP: 2/2
   316 | D:1      | Reached XP level 3. HP: 19/34 MP: 3/3
   849 | D:2      | Reached XP level 4. HP: 16/44 MP: 4/4
  1337 | D:2      | Found a sparkling altar of Nemelex Xobeh.
  1546 | D:3      | Found a stormy altar of Qazlal.
  1617 | D:3      | Reached XP level 5. HP: 18/50 MP: 5/5
  1741 | D:3      | Found a glowing drain.
  1757 | Sewer    | Entered a sewer
  1822 | Sewer    | Noticed Purgy
  1847 | Sewer    | Killed Purgy
  1847 | Sewer    | Reached skill level 1 in Evocations
  1847 | Sewer    | Reached XP level 6. HP: 34/58 MP: 5/7
  2098 | D:3      | Noticed Robin
  2117 | D:3      | Killed Robin
  2250 | D:3      | Noticed ThereIsNoGod's ghost (amateur OpAs)
  2259 | D:3      | Killed ThereIsNoGod's ghost
  2259 | D:3      | Reached skill level 1 in Dodging
  2603 | D:4      | Reached skill level 5 in Axes
  2671 | D:4      | Found an opulent altar of Gozag.
  2737 | D:4      | Found a glowing silver altar of Zin.
  2780 | D:4      | Found a staircase to the Ecumenical Temple.
  2789 | Temple   | Entered the Ecumenical Temple
  2831 | Temple   | Became a worshipper of Makhleb the Destroyer
  3069 | D:4      | Found a shimmering altar of Xom.
  3152 | D:4      | Reached XP level 7. HP: 47/66 MP: 9/9
  3295 | D:5      | Entered Level 5 of the Dungeon
  3829 | D:5      | Reached skill level 2 in Invocations
  3837 | D:5      | Found Xoppajyr's Assorted Antiques.
  3844 | D:5      | Bought a glowing helmet for 94 gold pieces
  3844 | D:5      | Bought a scroll of identify for 42 gold pieces
  3844 | D:5      | Bought a scroll of identify for 42 gold pieces
  3921 | D:5      | Reached skill level 3 in Invocations
  4058 | D:6      | Reached * piety under Makhleb
  4225 | D:6      | Reached skill level 4 in Invocations
  4229 | D:6      | Reached skill level 5 in Invocations
  4355 | D:6      | Reached XP level 8. HP: 45/73 MP: 9/11
  4405 | D:6      | Reached skill level 6 in Invocations
  4532 | D:6      | Reached skill level 7 in Invocations
  4562 | D:6      | Found a snail-covered altar of Cheibriados.
  4562 | D:6      | Found an iron altar of Okawaru.
  4635 | D:6      | Reached skill level 8 in Invocations
  4666 | D:6      | Reached skill level 1 in Spellcasting
  4745 | D:6      | Reached ** piety under Makhleb
  4867 | D:6      | Reached skill level 5 in Fighting
  4916 | D:6      | Noticed Crazy Yiuf
  4926 | D:6      | Killed Crazy Yiuf
  5233 | D:7      | Noticed Menkaure
  5242 | D:7      | Killed Menkaure
  5242 | D:7      | Gained mutation: You passively map the area around you. [Deep Dwarf growth]
  5242 | D:7      | Reached XP level 9. HP: 27/81 MP: 11/11
  5299 | D:7      | Found a shattered altar of Ashenzari.
  5737 | D:8      | Reached skill level 5 in Armour
  5737 | D:8      | Reached skill level 5 in Shields
  5780 | D:8      | Reached *** piety under Makhleb
  5794 | D:8      | Found a staircase to the Lair.
  5890 | D:8      | Reached skill level 5 in Dodging
  6264 | D:8      | Noticed a white ugly thing
  6269 | D:8      | HP: 3/82 [white ugly thing (29)]
  6290 | Lair:1   | Entered Level 1 of the Lair of Beasts
  6304 | Lair:1   | Reached XP level 10. HP: 41/91 MP: 11/11
  6353 | Lair:1   | Noticed Sonja
  6618 | D:9      | Reached **** piety under Makhleb
  6716 | D:9      | Found a staircase to the Orcish Mines.
  6757 | D:9      | Noticed a green ugly thing
  6775 | D:9      | Reached skill level 5 in Evocations
  6792 | D:9      | Noticed Grum
  6799 | D:9      | Reached skill level 9 in Invocations
  6819 | D:9      | Killed Grum
  7193 | D:9      | Reached skill level 10 in Invocations
  7297 | D:9      | Found an oddly glowing altar of Pakellas.
  7297 | D:9      | Noticed an orange crystal statue
  7316 | D:9      | Reached ***** piety under Makhleb
  7440 | D:9      | Killed a brown ugly thing
  7534 | D:9      | Reached XP level 11. HP: 68/97 MP: 11/11
  7884 | D:8      | Killed a white ugly thing
  8562 | D:5      | Bought a runed chain mail for 94 gold pieces
  8562 | D:5      | Bought a runed war axe for 73 gold pieces
  8562 | D:5      | Bought a small opal ring for 105 gold pieces
  8739 | D:10     | Entered Level 10 of the Dungeon
  8781 | D:10     | Noticed Fannar
  8784 | D:10     | Noticed Harold
  8802 | D:10     | Killed Harold
  8802 | D:10     | Reached skill level 11 in Invocations
  8833 | D:10     | Killed Fannar
  8886 | D:10     | Noticed Joseph
  8888 | D:10     | Killed Joseph
  9095 | D:10     | Reached skill level 10 in Axes
  9110 | D:10     | Noticed a hill giant
  9123 | D:10     | Killed a hill giant
  9435 | D:10     | Noticed a hill giant
  9448 | D:10     | Mangled by a hill giant

Skill      XL: |  1  2  3  4  5  6  7  8  9 10 11 |
---------------+----------------------------------+-----
Fighting       | 3 4 5 6 |  6.2
Axes           | 3 4 5 6 9 10 | 10.1
Evocations     | 1 2 3 7 9 |  9.3
Dodging        | 1 2 3 5 |  5.2
Armour         | 4 6 |  6.1
Shields        | 4 6 |  6.2
Invocations    | 5 8 10 11 | 11.4
Spellcasting   | 3 |  3.1

Action                   |  1- 3 |  4- 6 |  7- 9 | 10-12 || total
-------------------------+-------+-------+-------+-------++-------
Melee: War axe           |   123 |   298 |   553 |   547 ||  1521
Invok: Minor Destruction |       |       |    13 |     1 ||    14
       Lesser Servant of |       |       |       |     3 ||     3
       Greater Servant o |       |       |       |     1 ||     1
 Abil: Device Recharging |       |       |     5 |     4 ||     9
Evoke: Wand              |       |     3 |    19 |    23 ||    45
  Use: Scroll            |     3 |     8 |    11 |     4 ||    26
       Potion            |       |     3 |     7 |     3 ||    13
 Stab: Distracted        |       |       |       |     2 ||     2
  Eat: Chunk             |       |     6 |    11 |     7 ||    24
       Beef jerky        |       |     1 |       |     3 ||     4
       Royal jelly       |       |       |     1 |       ||     1
Armor: Scale mail        |    80 |   146 |   185 |   136 ||   547
       Chain mail        |       |       |       |    53 ||    53
       Ring mail         |       |       |       |     8 ||     8
Dodge: Dodged            |    40 |    98 |   197 |   231 ||   566
Block: Shield            |    77 |   181 |   300 |   339 ||   897
